 Dungeon Crawl Stone Soup version 0.27-a0-1434-g6f15984924 (webtiles) character file.

Game seed: 7517214891728648324

755 vajakki the Spear-Bearer (level 7, -2/56 HPs)
             Began as a Merfolk Monk on July 3, 2021.
             Slain by a gnoll shaman (7 damage)
             ... on level 5 of the Dungeon.
             The game lasted 00:14:13 (6609 turns).

vajakki the Spear-Bearer (Merfolk Monk)             Turns: 6609, Time: 00:14:13

Health: -2/56      AC: 10    Str: 13    XL:     7   Next: 79%
Magic:  7/7        EV: 12    Int:  9    God:
Gold:   292        SH:  5    Dex: 21    Spells: 6/6 levels left

rFire    . . .     SeeInvis +   c - +2 short sword (venom)
rCold    . . .     Faith    .   p - +0 buckler
rNeg     + . .     Spirit   .   A - +5 ring mail "Joclues" {-Cast rN+ Dex+4 SInv}
rPois    .         Reflect  .   (no helmet)
rElec    .         Harm     .   (no cloak)
rCorr    .         Rampage  .   (no gloves)
Will     .....     NoCast   +   (no boots)
Stlth    ++........             (no amulet)
HPRegen  0.18/turn              (no ring)
MPRegen  0.10/turn              (no ring)

@: weak-willed
A: (nimble swimmer 2), mertail
a: no special abilities


You were on level 5 of the Dungeon.
You visited 1 branch of the dungeon, and saw 5 of its levels.

You collected 292 gold pieces.

Inventory:

Hand Weapons
 a - a +0 spear
 b - a +0 hunting sling
 c - a +2 short sword of venom (weapon)
Missiles
 d - 52 stones (quivered)
 y - 8 boomerangs
 B - 20 poisoned darts
Armour
 p - a +0 buckler (worn)
 r - the +1 leather armour of Qukud {Will+ rCorr SInv}
   (You took it off a goblin on level 4 of the Dungeon)

   SInv:      It lets you see invisible.
   rCorr:     It protects you from acid and corrosion.
   Will:      It increases your willpower.
 A - the +5 ring mail "Joclues" (worn) {-Cast rN+ Dex+4 SInv}
   (You found it on level 5 of the Dungeon)

   Dex:       It affects your dexterity (+4).
   rN:        It protects you from negative energy.
   SInv:      It lets you see invisible.
   -Cast:     It prevents spellcasting.
Jewellery
 s - a +4 ring of protection
Wands
 h - a wand of paralysis (7)
 z - a wand of charming (11)
Scrolls
 e - 3 scrolls of noise {unknown}
 g - 2 scrolls of vulnerability
 j - 5 scrolls of identify
 k - a scroll of summoning {unknown}
 n - a scroll of magic mapping {unknown}
 q - a scroll of teleportation {unknown}
 t - a scroll of blinking {unknown}
 u - a scroll of acquirement {unknown}
 w - a scroll of fog {unknown}
Potions
 i - a potion of haste {unknown}
 l - 2 potions of resistance
 m - a potion of might {unknown}
 o - 2 potions of berserk rage {unknown}
 v - a potion of lignification {unknown}
 x - a potion of cancellation {unknown}


   Skills:
 + Level 5.4 Fighting
 * Level 9.2 Polearms
 + Level 2.7 Armour
 - Level 4.0 Dodging
 - Level 2.1 Stealth
 + Level 2.3 Shields


You had 6 spell levels left.
You didn't know any spells.
Your spell library contained the following spells:

 Spells                   Type           Power      Damage    Failure   Level
 Slow                     Hex            0%         N/A       85%         2
 Call Canine Familiar     Summ           0%         N/A       97%         3
 Confusing Touch          Hex            0%         N/A       97%         3
 Portal Projectile        Hex/Tloc       0%         N/A       97%         3
 Stone Arrow              Conj/Erth      0%         3d7       97%         3
 Leda's Liquefaction      Hex/Erth       0%         N/A       100%        4
 Bolt of Magma            Conj/Fire/Erth 0%         4d4       100%        5
 Yara's Violent Unravell  Hex/Tmut       0%         3d3       100%        5
 Shatter                  Erth           0%         3d5*      100%        9


Dungeon Overview and Level Annotations

Branches:
Dungeon (5/15)
 Temple: D:4-7

Altars:
Cheibriados
Vehumet
Yredelemnul
Zin


Innate Abilities, Weirdness & Mutations

((You are quick and stealthy near water. (Stealth+, EV+, Speed+++)))
Your lower body shifts to a powerful aquatic tail in water.


Message History

The gnoll barely misses you.
You feel very sick.
The gnoll shaman hits you with a +1 whip of venom.
* * * LOW HITPOINT WARNING * * *
* * * LOW HITPOINT WARNING * * *
You feel very sick. You block the gnoll's attack.
It was a potion of curing.
You feel better. The gnoll closely misses you. x2
The gnoll shaman hits you with a +1 whip of venom!
* * * LOW HITPOINT WARNING * * *
You are lethally poisoned!
As you read the scroll labelled TOXZOU AKYM, it crumbles to dust.
It is a scroll of identify.
l - 2 potions of resistance
* * * LOW HITPOINT WARNING * * *
You feel very sick. The gnoll barely misses you. You block the gnoll's attack.
The gnoll shaman hits you but does no damage.
You are more poisoned.
The gnoll barely misses you. The gnoll completely misses you.
You feel better. The gnoll hits you but does no damage.
The gnoll hits you from afar with a +0 halberd.
* * * LOW HITPOINT WARNING * * *
The gnoll hits you but does no damage.
As you read the scroll labelled UMESHY FOAB, it crumbles to dust.
Magic quickly surges around you.
It was a scroll of vulnerability.
You block the gnoll's attack. The gnoll hits you but does no damage.
The gnoll shaman barely misses you. The gnoll barely misses you.
The gnoll hits you from afar with a +0 spear.
* * * LOW HITPOINT WARNING * * *
Aiming: Charm
Press: ? - help, Shift-Dir - straight line, f - gnoll
Aim: a gnoll, wielding a +0 halberd (weak-willed, chance to affect: 59%)
The gnoll resists with significant effort.
The gnoll hits you from afar with a +0 spear.
* * * LOW HITPOINT WARNING * * *
The gnoll hits you from afar with a +0 halberd.
* * * LOW HITPOINT WARNING * * *
The gnoll shaman hits you with a +1 whip of venom!
You die...

.........'.......................
...#######.......................
...#.............................
...#......###'###.......#+##.....
...#......+.....#.......#..#.....
...#......#.....#.......#..'.....
...#......#.....#.......#..#.....
#+##......##'####.......##.#.....
.............g.@....#'###'###...
.............g.g....#.......#...
.............g......#.......#...
....................#..##...#...
....##+###'#.....####..##...#...
.... ...#.....#......#...#... ...
#...+.....#......'...#... ..
##..#.....#......#...#...
####.....#.....##...#...


You could see a gnoll shaman (weak-willed) and 3 gnolls.

Vanquished Creatures
  A black bear (D:5)
  A necrophage (D:3)
  2 ogres (D:5)
  A bullfrog (D:5)
  2 bullfrog zombies (D:5)
  A hound (D:5)
  A jelly (D:5)
  A howler monkey skeleton (D:5)
  10 adders
  An ufetubus (D:4)
  2 adder skeletons (D:4)
  2 worms
  2 dart slugs
  9 orcs
  5 bats
  8 endoplasms
  3 giant cockroaches
  4 goblins
  12 hobgoblins
  11 jackals
  A quokka (D:1)
  11 ball pythons
  3 frilled lizards
  8 kobolds
  4 rats
106 creatures vanquished.

Notes
Turn   | Place    | Note
-------+----------+-------------------------------------------
     0 | D:1      | vajakki the Merfolk Monk began the quest for the Orb.
     0 | D:1      | Reached XP level 1. HP: 18/18 MP: 1/1
   254 | D:1      | Reached XP level 2. HP: 24/24 MP: 2/2
   361 | D:1      | Reached skill level 5 in Polearms
   653 | D:1      | Reached XP level 3. HP: 29/29 MP: 3/3
  1457 | D:2      | Reached skill level 1 in Armour
  1776 | D:2      | Reached XP level 4. HP: 22/37 MP: 4/4
  1952 | D:2      | Reached skill level 6 in Polearms
  2936 | D:3      | Found a snail-covered altar of Cheibriados.
  2942 | D:3      | Found a radiant altar of Vehumet.
  2946 | D:3      | Found a glowing silver altar of Zin.
  3359 | D:3      | Reached XP level 5. HP: 42/42 MP: 5/5
  3427 | D:3      | Noticed a necrophage
  3454 | D:3      | Killed a necrophage
  3455 | D:3      | Reached skill level 7 in Polearms
  3897 | D:3      | Reached XP level 6. HP: 25/49 MP: 6/6
  4105 | D:3      | Found a faded altar of an unknown god.
  4661 | D:4      | Identified the +1 leather armour of Qukud {Will+ rCorr
                  | SInv}
  4662 | D:4      | Paralysed by a goblin for 2 turns
  5357 | D:5      | Entered Level 5 of the Dungeon
  5580 | D:5      | Reached skill level 8 in Polearms
  5580 | D:5      | Reached skill level 1 in Shields
  5612 | D:5      | Reached skill level 5 in Fighting
  5612 | D:5      | Reached XP level 7. HP: 44/56 MP: 7/7
  6292 | D:5      | Identified the +5 ring mail "Joclues" {-Cast rN+ Dex+4
                  | SInv}
  6344 | D:5      | Reached skill level 9 in Polearms
  6549 | D:5      | Found a basalt altar of Yredelemnul.
  6609 | D:5      | Slain by a gnoll shaman

Illustrated notes

Levels and vault maps discovered:
D:1:      dpeg_arrival_orchard, layout_basic, st_stairs_14, chequers_avenue,
          moated_statue, minmay_octomino_e4
D:2:      layout_loops_ring, nicolae_underground_beach
D:3:      layout_rooms, grunt_temple_overflow_open,
          shapermc_ecumenical_altar_hornbeckon, chequers_serial_rivers_large_a
D:4:      layout_loops_ring
D:5:      layout_gridville, lemuel_zombie_altar_yredelemnul, grunt_ministairs_9

Skill      XL: |  1  2  3  4  5  6  7 |
---------------+----------------------+-----
Polearms       | 5 6 7 8 9 |  9.2
Armour         | 1 2 |  2.7
Fighting       | 4 5 |  5.4
Shields        | 1 2 |  2.3
Dodging        | |  4.0
Stealth        | |  2.1

Action                   |  1- 3 |  4- 6 |  7- 9 || total
-------------------------+-------+-------+-------++-------
Melee: Spear             |    90 |   164 |       ||   254
       Short sword       |       |    25 |    63 ||    88
 Fire: Hunting sling     |    41 |    85 |       ||   126
Throw: Throwing net      |       |     1 |       ||     1
Evoke: Wand              |       |       |     1 ||     1
  Use: Scroll            |       |       |     2 ||     2
       Potion            |       |       |     2 ||     2
 Stab: Sleeping          |     4 |     2 |       ||     6
       Held in net/web   |       |     1 |       ||     1
Armor: Robe              |     8 |     7 |       ||    15
       Chain mail        |       |    22 |    30 ||    52
       Ring mail         |       |       |    20 ||    20
Dodge: Dodged            |    46 |    77 |    48 ||   171
Block: Buckler           |       |    13 |    24 ||    37

Table legend: (Time is in decaauts)
 A = Elapsed time spent in this place.
 B = Non-inter-level travel time spent in this place.
 C = Inter-level travel time spent in this place.
 D = Time resting spent in this place.
 E = Time spent auto-exploring this place.
 F = Levels seen in this place.
 G = Mean time per level.
                   A        B        C        D        E       F      G
               +--------+--------+--------+--------+--------+-----+--------+
         Total |   6546 |   6435 |    111 |   2026 |   3351 |   5 | 1309.2 |
       Dungeon |   6546 |   6435 |    111 |   2026 |   3351 |   5 | 1309.2 |
               +--------+--------+--------+--------+--------+-----+--------+

Top non-repeatable levels by time:
     D:2: 1908 daAuts
     D:1: 1390 daAuts
     D:4: 1152 daAuts
     D:3: 1099 daAuts
     D:5: 994 daAuts
